 Dungeon Crawl Stone Soup version 0.21-a0 (webtiles) character file.

165 EvilAshe the Conjurer (level 5, -3/35 HPs)
             Began as a Mummy Conjurer on May 20, 2017.
             Killed from afar by gorpus's ghost (4 damage)
             ... with a magic dart
             ... on level 3 of the Dungeon.
             The game lasted 00:08:18 (2921 turns).

EvilAshe the Conjurer (Mummy Conjurer)              Turns: 2921, Time: 00:08:18

Health: -3/35      AC:  3    Str: 11    XL:     5   Next: 22%
Magic:  5/10       EV: 13    Int: 16    God:
Gold:   89         SH:  0    Dex: 12    Spells: 4/11 levels left

rFire    x . .     SeeInvis .   d - +3 dagger (venom)
rCold    + . .     Gourm    .   (no shield)
rNeg     + + +     Faith    .   a - +0 robe
rPois    ∞         Spirit   .   (no helmet)
rElec    .         Reflect  .   e - +0 cloak
rCorr    .         Harm     .   (no gloves)
MR       .....                  (no boots)
Stlth    ++........             (no amulet)
Regen    0.2/turn               (no ring)
MPRegen  0.2/turn               (no ring)

@: no status effects
A: no food or potions, fire vulnerability, cold resistance 1, negative energy
resistance 3, torment resistance, unbreathing
a: no special abilities


You were on level 3 of the Dungeon.
You were not hungry.

You visited 1 branch of the dungeon, and saw 3 of its levels.

You collected 89 gold pieces.

Inventory:

Hand Weapons
 d - a +3 dagger of venom (weapon)
Armour
 a - a +0 robe (worn)
 e - a +0 cloak (worn)
Jewellery
 i - a cursed amulet of inaccuracy {unknown}
Scrolls
 c - a scroll of immolation {unknown}
 f - 5 scrolls of identify {unknown}
 g - a scroll of teleportation {unknown}
 h - 2 scrolls of remove curse {unknown}
 j - 2 scrolls of recharging {unknown}
 k - 4 scrolls of enchant armour {unknown}
 l - a scroll of amnesia {unknown}
Books
 b - a book of Conjurations

   Spells                             Type                      Level
   a - Magic Dart                     Conjuration                  1
   b - Searing Ray                    Conjuration                  2
   c - Dazzling Spray                 Conjuration/Hexes            3
   d - Fulminant Prism                Conjuration/Hexes            4
   e - Force Lance                    Conjuration/Translocation    4
   f - Iskenderun's Mystic Blast      Conjuration                  4


   Skills:
 + Level 2.8 Dodging
 - Level 1.5 Stealth
 + Level 3.8 Spellcasting
 * Level 4.4 Conjurations


You had 4 spell levels left.
You knew the following spells:

 Your Spells              Type           Power        Failure   Level  Hunger
a - Magic Dart            Conj           ###.         2%          1    N/A
i - Iskenderun's Mystic   Conj           ###.....     28%         4    N/A
r - Searing Ray           Conj           ###...       4%          2    N/A

Dungeon Overview and Level Annotations

Branches:
Dungeon (3/15)

Altars:

Annotations:
D:3 exclusion: orc priest, gorpus's ghost, amateur OpCj


Innate Abilities, Weirdness & Mutations

You do not eat or drink.
Your flesh is vulnerable to fire.
You are immune to poison.
Your flesh is cold resistant. (rC+)
You are immune to negative energy. (rN+++)
You are immune to unholy pain and torment.
You can survive without breathing.


Message History

Aiming: Searing Ray
Press: ? - help, Shift-Dir - straight line, f - gorpus's ghost
Aim: gorpus's ghost The searing ray hits gorpus's ghost.
Gorpus's ghost is moderately damaged. (Press . to maintain the ray.)
The searing ray hits gorpus's ghost.
Gorpus's ghost is moderately damaged.
The searing ray hits gorpus's ghost.
Gorpus's ghost is severely damaged.
Gorpus's ghost casts a spell at you. The orb of energy hits you!
The orb of energy explodes!
The searing ray misses gorpus's ghost.
You finish channeling your searing ray.
Gorpus's ghost stares at you and mumbles some strange words.
The orb of energy hits you!
* * * LOW HITPOINT WARNING * * *
The orb of energy explodes!
Gorpus's ghost stares at you and mumbles some strange words.
The magic dart hits you!
You die...

#############
#...........#
#.#########.#
#.#
#######.##
#.#
#..W@....#
#.#
#.#####..#
#########.#
#.# #..#
.......##.#
#.# #..#
..........#
#.# #..#
######.####
#.#
#..#######
#.# #W#
#........#
#.# #.#
#≈≈≈≈≈##.#
#.# #.#
#≈###≈##.#


You could see gorpus's ghost.

Vanquished Creatures
  A jelly (D:3)
  An orc wizard (D:3)
  2 adders
  A gnoll (D:1)
  2 oozes
  2 worms (D:2)
  A dart slug (D:2)
  2 leopard geckos (D:1)
  5 orcs
  3 giant cockroaches
  4 goblins (D:1)
  9 hobgoblins
  3 kobolds
  2 quokkas
  7 bats
  6 frilled lizards
  8 rats
59 creatures vanquished.

Notes
Turn   | Place    | Note
-------+----------+-------------------------------------------
     0 | D:1      | EvilAshe the Mummy Conjurer began the quest for the Orb.
     0 | D:1      | Reached XP level 1. HP: 13/13 MP: 4/4
   320 | D:1      | Reached XP level 2. HP: 15/19 MP: 2/5
   941 | D:1      | Reached XP level 3. HP: 22/24 MP: 4/7
  1267 | D:1      | Learned a level 2 spell: Searing Ray
  1929 | D:2      | Reached XP level 4. HP: 30/30 MP: 8/8
  2063 | D:2      | Reached skill level 4 in Conjurations
  2350 | D:2      | Learned a level 4 spell: Iskenderun's Mystic Blast
  2715 | D:3      | Reached XP level 5. HP: 35/35 MP: 5/10
  2886 | D:3      | Noticed gorpus's ghost (amateur OpCj)
  2920 | D:3      | HP: 1/35 [gorpus's ghost/orb of energy (14)]
  2921 | D:3      | Killed from afar by gorpus's ghost

Vault maps used:
D:1:      minmay_arrival_arboretum_small, minmay_lizard_king
D:2:      first_bread
D:3:      minmay_crystal_water, st_stairs_13

Skill      XL: |  1  2  3  4 |
---------------+-------------+-----
Dodging        | 2 |  2.8
Spellcasting   | 3 |  3.8
Conjurations   | 4 |  4.4
Stealth        | |  1.5

Action                   |  1- 3 |  4- 6 || total
-------------------------+-------+-------++-------
Melee: Dagger            |    32 |    19 ||    51
 Cast: Magic Dart        |    68 |    42 ||   110
       Searing Ray       |     1 |     1 ||     2
 Stab: Sleeping          |     4 |     1 ||     5
Armor: Robe              |     7 |     4 ||    11
Dodge: Dodged            |    16 |    17 ||    33
